 Dungeon Crawl Stone Soup version 0.19.0-24-gb05acd6 (webtiles) character file.

44844 Haldmier the Severer (level 13, -24/111 HPs)
             Began as a Minotaur Berserker on Nov 20, 2016.
             Was a High Priest of Trog.
             Killed from afar by an orc sorcerer (28 damage)
             ... with a bolt of fire
             ... while paralysed by an orc sorcerer
             ... on level 1 of the Orcish Mines on Nov 21, 2016.
             The game lasted 01:46:23 (22007 turns).

Haldmier the Severer (Minotaur Berserker)          Turns: 22007, Time: 01:46:24

Health: -24/111    AC: 19    Str: 24      XL:     13   Next: 98%
Magic:  18/18      EV:  2    Int:  4      God:    Trog [*****.]
Gold:   1434       SH:  0    Dex: 12 (13) Spells: 0 memorised, 12 levels left

rFire  . . .     SeeInvis .     f - +2 battleaxe (elec)
rCold  . . .     Gourm    .     a - +0 plate armour
rNeg   + . .     Faith    .     (shield currently unavailable)
rPois  +         Spirit   .     (helmet restricted)
rElec  .         Reflect  +     O - +1 cloak {rPois}
rCorr  .         Harm     .     l - +0 pair of gloves
MR     .....                    n - +1 pair of boots
Stlth  ..........               q - +2 amulet of reflection
                                F - +3 ring of evasion
                                A - ring of positive energy

@: paralysed, drained
A: retaliatory headbutt, horns 2, screaming 1
a: Berserk, Trog's Hand, Brothers in Arms, Burn Spellbooks, Renounce Religion


You were on level 1 of the Orcish Mines.
You worshipped Trog.
Trog was extremely pleased with you.
You were hungry.

You visited 3 branches of the dungeon, and saw 18 of its levels.
You visited the Abyss 1 time.

You collected 1434 gold pieces.

Inventory:

Hand Weapons
 f - a +2 battleaxe of electrocution (weapon)
 G - a +2 antimagic executioner's axe
Missiles
 g - 3 poisoned javelins
 h - 2 throwing nets
 C - 13 javelins (quivered)
 L - 11 tomahawks
 N - 7 poisoned tomahawks
Armour
 a - a +0 plate armour (worn)
 l - a +0 pair of gloves (worn)
 n - a +1 pair of boots (worn)
 O - a +1 cloak of poison resistance (worn)
Jewellery
 q - a +2 amulet of reflection (around neck)
 r - the ring of Ofif {*Tele rElec rC+}
   (You found it on level 6 of the Lair of Beasts)

   [ring of teleportation]

   It may teleport you next to monsters.
   It protects you from cold.
   It insulates you from electricity.
 A - a ring of positive energy (left hand)
 F - a +3 ring of evasion (right hand)
 Z - an uncursed ring of ice
Wands
 u - a wand of polymorph (21/24)
 x - a wand of digging (12/24)
 z - a wand of iceblast (4/15)
 P - a wand of iceblast (10/15)
Scrolls
 b - a scroll of magic mapping
 e - 5 scrolls of remove curse
 j - a scroll of fog
 p - 2 scrolls of identify
 B - 5 scrolls of teleportation
Potions
 i - 7 potions of curing
 m - a potion of flight
 o - a potion of agility
 v - 3 potions of berserk rage
 E - 2 potions of mutation {unknown}
 K - 2 potions of resistance
 M - a potion of brilliance {unknown}
 S - 2 potions of might {unknown}
 V - 2 potions of ambrosia {unknown}
 W - a potion of haste
Miscellaneous
 X - 2 phantom mirrors
Comestibles
 c - 10 bread rations
 d - 4 chunks of flesh
 k - 6 beef jerkies
 w - 12 meat rations
 D - 5 fruits
 U - 26 royal jellies


   Skills:
 - Level 9.0(8.6) Fighting
 + Level 19.5(19.1) Axes
 - Level 8.7(8.4) Throwing
 - Level 8.3(8.0) Armour
 - Level 7.6(7.3) Dodging
 + Level 8.8(8.5) Evocations


You had 12 spell levels left.
You didn't know any spells.

Dungeon Overview and Level Annotations

Branches:
Dungeon (11/15)            Temple (0/1) D:4            Lair (6/6) D:10
 Shoals (0/4) Lair:3       Spider (0/4) Lair:3        Slime (0/5) Lair:6
    Orc (1/2) D:10

Altars:
Fedhas
Gozag
Kikubaaqudgha
Makhleb
Uskayaw
The Shining One

Shops:
D:5 *   D:6 :   D:9 (

Annotations:
D:4 Orc warrior with antimagic trident


Innate Abilities, Weirdness & Mutations

You reflexively headbutt those who attack you in melee.
You have a pair of horns on your head.
You occasionally shout uncontrollably at your foes.


Message History

* * * LOW HITPOINT WARNING * * *
The bolt of negative energy misses the ufetubus.
The ice devil hits you but does no damage.
The ufetubus hits you but does no damage. x2
The orc knight hits you but does no damage.
The neqoxec hits you.
* * * LOW HITPOINT WARNING * * *
The orc sorcerer hits you but does no damage.
The ufetubus hits you but does no damage. x2
The ice devil hits you!
* * * LOW HITPOINT WARNING * * *
The ice devil freezes you!!
* * * LOW HITPOINT WARNING * * *
The orc knight hits you but does no damage.
The neqoxec gestures.
The ufetubus hits you but does no damage.
The ufetubus barely misses you.
The orc sorcerer gestures at you while chanting.
The bolt of fire hits you!
You die...

### #...##. #.###
....... .......
....##....... .........
............. .......>.
............. .........
...........# ##..5......
#..........###.#54......
...........$...3#oo.....
.<.>...........4@#
.##..........))5o##
)).....#.....#.)).#
...............$.......
..........$......#....#
......#...##..##.##...#
..........#####...##.##
...#..#..## ....###
......#### ..##


You could see an orc knight, 2 ice devils, a neqoxec, an orc sorcerer, an orc
warrior, a crimson imp and an ufetubus.

Vanquished Creatures
  Harold (Lair:2)
  The ghost of Cokeysmoke the Carver, a journeyman FoFi of Okawaru (D:10)
  A hydra (Lair:6)
  A catoblepas (Lair:6)
  Erica (D:10)
  A tengu warrior (D:9)
  7 death yaks (Lair:6)
  A deep troll shaman (Lair:6)
  Urug (D:10)
  A fire crab (Lair:6)
  An unseen horror (D:11)
  A skeletal warrior (D:10)
  2 hill giants
  7 elephants
  Maurice (D:10)
  A siren (Lair:3)
  3 black mambas
  A rime drake (Lair:6)
  7 spiny frogs
  A komodo dragon (Lair:4)
  2 polar bears
  3 merfolk (Lair:3)
  5 trolls
  A queen bee (Lair:3)
  Prince Ribbit (D:6)
  8 hippogriffs
  A slime creature (Lair:6)
  8 blink frogs
  A redback (Lair:3)
  A wyvern (Lair:5)
  49 yaks
  4 basilisks
  2 hungry ghosts (D:7)
  9 water moccasins
  4 porcupines
  4 black bears
  6 orc warriors
  A necrophage (D:7)
  5 sky beasts
  13 ogres
  10 wolves
  3 centaurs
  14 crocodiles
  2 big kobolds
  Blork the orc (D:4)
  16 bullfrogs
  5 scorpions
  3 wights (D:10)
  36 killer bees
  4 howler monkeys
  A bullfrog zombie (D:5)
  2 quasits
  7 jellies
  4 crimson imps
  7 hounds
  15 orc priests
  Crazy Yiuf (D:4)
  A bullfrog skeleton (D:6)
  17 orc wizards
  3 iguanas
  Ijyb (D:3)
  8 worker ants
  A hound skeleton (D:4)
  A howler monkey zombie (D:10)
  Robin (D:2)
  11 gnolls
  A howler monkey skeleton (D:7)
  6 adders
  3 shadow imps
  7 oozes
  2 adder skeletons (D:4)
  5 worms
  3 dart slugs (D:1)
  6 leopard geckos
  68 orcs
  13 bats
  6 giant cockroaches
  25 goblins
  10 hobgoblins
  11 jackals
  4 quokkas
  2 ball pythons
  A frilled lizard (D:1)
  18 kobolds
  A quokka zombie (D:5)
  6 rats
  A bush (Lair:2)
  2 fungi
  6 plants
551 creatures vanquished.

Vanquished Creatures (collateral kills)
  Snorg (D:10)
  Erolcha (D:10)
  2 killer bees (D:9)
4 creatures vanquished.

Vanquished Creatures (others)
  An orc (Orc:1)
  A giant cockroach (D:2)
  A kobold (D:2)
  2 fungi
  2 plants (Lair:6)
7 creatures vanquished.

Grand Total: 562 creatures vanquished

Notes
Turn   | Place    | Note
-------+----------+-------------------------------------------
     0 | D:1      | Haldmier the Minotaur Berserker began the quest for the Orb.
     0 | D:1      | Reached XP level 1. HP: 19/19 MP: 0/0
    36 | D:1      | Reached skill level 4 in Axes
   279 | D:1      | Reached XP level 2. HP: 26/26 MP: 1/1
   824 | D:1      | Reached skill level 5 in Axes
   921 | D:1      | Reached XP level 3. HP: 31/31 MP: 2/2
  1482 | D:2      | Reached skill level 6 in Axes
  1482 | D:2      | Reached XP level 4. HP: 39/39 MP: 3/3
  1978 | D:2      | Reached ** piety under Trog
  2034 | D:2      | Noticed Robin
  2046 | D:2      | Killed Robin
  2046 | D:2      | Reached XP level 5. HP: 32/45 MP: 4/4
  2418 | D:2      | Reached skill level 7 in Axes
  2724 | D:3      | Noticed Ijyb
  2734 | D:3      | Killed Ijyb
  3001 | D:3      | Found an ancient bone altar of Kikubaaqudgha.
  3001 | D:3      | Found a hide-covered altar of Uskayaw.
  3101 | D:3      | Reached skill level 1 in Throwing
  3188 | D:3      | Reached *** piety under Trog
  3408 | D:4      | Reached XP level 6. HP: 41/52 MP: 5/5
  3462 | D:4      | Found a staircase to the Ecumenical Temple.
  3598 | D:4      | Reached skill level 8 in Axes
  3911 | D:4      | Noticed Blork the orc
  3926 | D:4      | Killed Blork the orc
  3926 | D:4      | Reached XP level 7. HP: 50/59 MP: 6/6
  3935 | D:4      | Found a runed door.
  3970 | D:4      | Noticed Crazy Yiuf
  3977 | D:4      | Killed Crazy Yiuf
  4010 | D:4      | Received a gift from Trog
  4144 | D:4      | Found a burning altar of Makhleb.
  4602 | D:5      | Entered Level 5 of the Dungeon
  4647 | D:5      | Found Gozag's Platinum Reserve.
  4650 | D:5      | Found an opulent altar of Gozag.
  5099 | D:5      | Reached skill level 9 in Axes
  5099 | D:5      | Reached XP level 8. HP: 14/67 MP: 7/7
  5368 | D:5      | Reached skill level 5 in Fighting
  5935 | D:2      | Reached **** piety under Trog
  6146 | D:5      | HP: 2/68 [sky beast (6)]
  6466 | D:6      | Noticed Prince Ribbit
  6803 | D:5      | Reached skill level 5 in Armour
  7811 | D:5      | Reached skill level 5 in Throwing
  8110 | D:6      | Found Gufra's Book Emporium.
  8222 | D:6      | Found a glowing golden altar of the Shining One.
  8485 | D:6      | Reached XP level 9. HP: 69/74 MP: 8/8
  8981 | D:7      | Reached skill level 10 in Axes
  9222 | D:7      | Reached skill level 5 in Dodging
  9946 | D:6      | Killed Prince Ribbit
 10263 | D:8      | Found a blossoming altar of Fedhas.
 10311 | D:8      | Reached skill level 11 in Axes
 10318 | D:8      | Reached XP level 10. HP: 69/84 MP: 9/9
 10639 | D:8      | Reached ***** piety under Trog
 10843 | D:9      | Noticed a tengu warrior
 10860 | D:9      | Killed a tengu warrior
 10860 | D:9      | Reached skill level 12 in Axes
 10892 | D:9      | Received a gift from Trog
 11344 | D:9      | Found Goceos's Weapon Shoppe.
 11623 | D:9      | Received a gift from Trog
 11770 | D:9      | Reached XP level 11. HP: 95/95 MP: 10/10
 11845 | D:10     | Entered Level 10 of the Dungeon
 11845 | D:10     | Noticed Maurice
 11845 | D:10     | Noticed Erica
 11925 | D:10     | Killed Maurice
 11967 | D:10     | Noticed Erolcha
 12046 | D:10     | Noticed Snorg
 12046 | D:10     | Noticed Urug
 12384 | D:10     | Noticed Cokeysmoke's ghost (journeyman FoFi)
 12385 | D:10     | Noticed a hill giant
 12515 | D:9      | Killed a hill giant
 12734 | D:9      | Received a gift from Trog
 12796 | D:10     | Cast into level 1 of the Abyss (Erolcha)
 12828 | D:10     | Escaped the Abyss
 12870 | D:10     | Reached skill level 13 in Axes
 13243 | D:10     | Noticed a hill giant
 13248 | D:10     | Killed a hill giant
 13269 | D:10     | Killed Snorg
 13418 | D:10     | Killed Urug
 13418 | D:10     | Reached skill level 14 in Axes
 13740 | D:11     | Killed an unseen horror
 13882 | D:10     | Killed Cokeysmoke's ghost
 13926 | D:10     | Reached skill level 15 in Axes
 13970 | D:10     | Killed Erica
 14062 | D:10     | Found a staircase to the Lair.
 14076 | Lair:1   | Entered Level 1 of the Lair of Beasts
 14218 | Lair:1   | Reached XP level 12. HP: 98/104 MP: 3/11
 14522 | Lair:1   | Reached skill level 16 in Axes
 14728 | Lair:2   | Noticed Harold
 14745 | Lair:2   | Killed Harold
 15091 | Lair:2   | Reached skill level 17 in Axes
 15148 | Lair:2   | Reached skill level 1 in Evocations
 15385 | Lair:2   | Received a gift from Trog
 16260 | Lair:3   | Found a hole to the Spider Nest.
 16878 | Lair:3   | Found a staircase to the Shoals.
 16891 | Lair:3   | Reached skill level 18 in Axes
 16891 | Lair:3   | Reached XP level 13. HP: 80/111 MP: 15/15
 17437 | Lair:4   | Reached skill level 5 in Evocations
 17650 | Lair:4   | Got a pitted falchion
 19037 | Lair:6   | Entered Level 6 of the Lair of Beasts
 19052 | Lair:6   | Received a gift from Trog
 20024 | Lair:6   | Found a staircase to the Slime Pits.
 20515 | Lair:6   | Reached skill level 19 in Axes
 20732 | Lair:6   | Received a gift from Trog
 20881 | Lair:6   | Got a heavily runed amber ring
 20911 | Lair:6   | Identified the ring of Ofif {*Tele rElec rC+} (You found it on level 6 of the Lair of Beasts)
 20913 | Lair:6   | Identified the +1 falchion "Beetleslayer" {slice, +Fly rC- MR+ Stlth+} (You found it on level 4 of the Lair of Beasts)
 20917 | Lair:6   | Got a transparent leather armour
 21145 | Lair:1   | Identified the +1 leather armour of Ru's Condemnation {*Contam rCorr Str+4} (You found it on level 6 of the Lair of Beasts)
 21205 | Lair:1   | Gained mutation: You occasionally shout uncontrollably at your foes. [mutagenic glow]
 21422 | D:10     | Found a staircase to the Orcish Mines.
 21528 | D:10     | Reached ****** piety under Trog
 21723 | D:10     | Killed Erolcha
 21723 | D:10     | Received a gift from Trog
 21917 | Orc:1    | Entered Level 1 of the Orcish Mines
 21992 | Orc:1    | Received a gift from Trog
 22003 | Orc:1    | Paralysed by an orc sorcerer for 5 turns
 22007 | Orc:1    | HP: 4/111 [ice devil[an orc sorcerer] (18)]
 22007 | Orc:1    | Killed from afar by an orc sorcerer

Skill      XL: |  1  2  3  4  5  6  7  8  9 10 11 12 13 |
---------------+----------------------------------------+-----
Axes           | 4 5 6 7 8 9 11 12 15 18 19 | 19.5
Throwing       | 1 2 3 6 7 8 |  8.7
Armour         | 3 4 5 6 7 8 |  8.3
Fighting       | 4 5 6 8 9 |  9.0
Dodging        | 3 4 5 6 7 |  7.6
Evocations     | 4 8 |  8.8

Action                   |  1- 3 |  4- 6 |  7- 9 | 10-12 | 13-15 || total
-------------------------+-------+-------+-------+-------+-------++-------
Melee: Hand axe          |    56 |   190 |   131 |       |       ||   377
       Headbutt          |    12 |    30 |    61 |   129 |    79 ||   311
       Hunting sling     |       |       |     3 |       |       ||     3
       War axe           |       |       |   113 |   306 |       ||   419
       Executioner's axe |       |       |       |   194 |    56 ||   250
       Unarmed           |       |       |       |     6 |       ||     6
       Battleaxe         |       |       |       |   127 |   245 ||   372
 Fire: Hunting sling     |       |       |   334 |       |       ||   334
Throw: Tomahawk          |       |       |     8 |     1 |       ||     9
       Javelin           |       |       |       |     1 |    10 ||    11
Invok: Berserk           |     1 |     1 |     1 |     3 |     2 ||     8
       Trog's Hand       |       |       |     1 |     2 |     3 ||     6
       Burn Spellbooks   |       |       |       |     3 |     4 ||     7
       Brothers in Arms  |       |       |       |     2 |     1 ||     3
Evoke: Wand              |       |       |       |       |     4 ||     4
  Use: Scroll            |       |       |    17 |     5 |     5 ||    27
       Potion            |       |       |       |     2 |       ||     2
 Stab: Sleeping          |       |     2 |       |       |       ||     2
  Eat: Chunk             |     2 |     9 |    23 |    25 |    14 ||    73
       Beef jerky        |       |       |       |     1 |       ||     1
       Fruit             |       |       |       |       |     4 ||     4
       Pizza             |       |       |       |       |     1 ||     1
Armor: Animal skin       |    13 |     2 |       |       |       ||    15
       Leather armour    |       |    27 |       |       |       ||    27
       Scale mail        |       |    25 |   112 |       |       ||   137
       Chain mail        |       |       |   119 |   110 |       ||   229
       Plate armour      |       |       |       |   285 |   131 ||   416
Dodge: Dodged            |    44 |   111 |   244 |   486 |   167 ||  1052
Block: Buckler           |       |       |    12 |    43 |       ||    55
       Other             |       |       |       |     1 |    17 ||    18
       Reflection        |       |       |       |       |     2 ||     2
